 Dungeon Crawl Stone Soup version 0.22-a0-110-g5b255cf (webtiles) character file.

28588636 nono the Cutthroat (level 27, 169/169 HPs)
             Began as a Vine Stalker Fighter on Jan 27, 2018.
             Was the Champion of Zin.
             Escaped with the Orb
             ... and 15 runes!
             The game lasted 06:15:30 (51986 turns).

nono the Cutthroat (Vine Stalker Fighter)          Turns: 51986, Time: 06:15:31

Health: 169/169    AC: 45    Str: 33    XL:     27
Magic:  49/49      EV: 16    Int: 11    God:    Zin [******]
Gold:   3009       SH: 29    Dex: 18    Spells: 26/26 levels left

rFire    + + +     SeeInvis +   b - +9 quick blade (holy)
rCold    + + +     Gourm    .   Q - +2 large shield
rNeg     + . .     Faith    +   w - +10 gold dragon scales
rPois    +         Spirit   +   E - +2 helmet {SInv}
rElec    +         Reflect  .   r - scarf {rC+ rF+}
rCorr    .         Harm     .   T - +2 pair of gloves {Str+3}
MR       +++..                  t - +2 pair of boots "Etaozoth" {rElec Int-5 Stlth+}
Stlth    +.........             n - amulet "Ymushobb" {Faith Str+2}
HPRegen  1.18/turn              v - ring "Geguhece" {rN+ MP+9 Int+6 Slay+4}
MPRegen  0.31/turn              S - ring of Sif Muna's Hope {rF+ rC+ AC+2}

@: no status effects
A: fangs 3, clever 1, regeneration 2, magic shield, antimagic bite, no potion
heal 3, rot immunity
0: Orb of Zot
}: 15/15 runes: barnacled, slimy, silver, golden, iron, obsidian, icy, bone,
abyssal, demonic, glowing, magical, fiery, dark, gossamer
a: Recite, Vitalisation, Imprison, Sanctuary, Donate Gold, Renounce Religion


You escaped.
You worshipped Zin.
Zin was exalted by your worship.
You were not hungry.

You visited 18 branches of the dungeon, and saw 88 of its levels.
You visited Pandemonium 1 time, and saw 12 of its levels.
You visited the Abyss 1 time.
You visited 1 bazaar.
You also visited: Sewer, Ice Cave, Wizlab and Desolation.

You collected 9913 gold pieces.
You spent 1766 gold pieces at shops.
You donated 5138 gold pieces to Zin.

Inventory:

Hand Weapons
 a - the +9 rapier "Pendulum" {protect, rElec rN+ Str-5}
   (You acquired it on level 13 of the Dungeon)

   It protects the one who uses it against injury (+AC on strike).
   It affects your strength (-5).
   It insulates you from electricity.
   It protects you from negative energy.
 b - a +9 quick blade of holy wrath (weapon)
 U - a +9 quick blade
Missiles
 c - 8 throwing nets (quivered)
Armour
 r - a scarf of resistance (worn)
 t - the +2 pair of boots "Etaozoth" (worn) {rElec Int-5 Stlth+}
   (You bought it in a shop in a bazaar)

   It affects your intelligence (-5).
   It insulates you from electricity.
   It makes you more stealthy.
 w - +10 gold dragon scales (worn)
 x - the +3 warlock's mirror {reflect}
   (You took it off an ironbrand convoker on level 4 of the Vaults)
 E - a +2 helmet of see invisible (worn)
 Q - a +2 large shield (worn)
 T - a +2 pair of gloves of strength (worn)
Jewellery
 g - the ring "Vaimy" {Dex+4 Slay+3 Stlth+}
   (You found it on level 2 of the Vaults)

   [ring of slaying]

   It affects your dexterity (+4).
   It affects your accuracy and damage with ranged weapons and melee attacks
   (+3).
   It makes you more stealthy.
 i - an uncursed ring of resist corrosion
 k - the ring "Zejeh" {rF+ Str+3 SInv Stlth-}
   (You found it in the Desolation of Salt)

   [ring of loudness]

   It affects your strength (+3).
   It protects you from fire.
   It lets you see invisible.
   It makes you less stealthy.
 n - the amulet "Ymushobb" (around neck) {Faith Str+2}
   (You found it in the Desolation of Salt)

   [amulet of faith]

   It allows you to gain divine favour quickly.
   It affects your strength (+2).
 q - an uncursed ring of protection from cold
 s - the amulet of Poiruje {Reflect +Fly rN+ SH+2 SInv}
   (You found it on level 7 of Tartarus)

   [amulet of reflection]

   It shields you and reflects attacks.
   It protects you from negative energy.
   It lets you see invisible.
   It lets you fly.
   It affects your SH (+2).
 v - the ring "Geguhece" (left hand) {rN+ MP+9 Int+6 Slay+4}
   (You found it on level 5 of the Lair of Beasts)

   [ring of slaying]

   It affects your intelligence (+6).
   It affects your accuracy and damage with ranged weapons and melee attacks
   (+4).
   It protects you from negative energy.
   It affects your magic capacity (+9).
 F - an uncursed ring of protection from fire
 G - the ring of Joy {rN++ MP+9 Int-3 Dex+2 SInv}
   (You found it on level 1 of the Tomb of the Ancients)

   [ring of see invisible]

   It affects your intelligence (-3).
   It affects your dexterity (+2).
   It greatly protects you from negative energy.
   It affects your magic capacity (+9).
   It lets you see invisible.
 M - the ring of Ufuf {rPois rC+ MR+}
   (You found it in Pandemonium)

   [ring of protection from cold]

   It protects you from cold.
   It protects you from poison.
   It affects your resistance to hostile enchantments.
 S - the ring of Sif Muna's Hope (right hand) {rF+ rC+ AC+2}
   (You found it in the Desolation of Salt)

   [ring of protection]

   It affects your AC (+2).
   It protects you from fire.
   It protects you from cold.
 V - an uncursed ring of protection from magic
 W - an uncursed ring of see invisible
 X - an uncursed ring of protection from cold
Wands
 d - a wand of flame (31)
 e - a wand of iceblast (20)
 H - a wand of scattershot (11)
 J - a wand of digging (23)
 R - a wand of acid (42)
Scrolls
 j - 4 scrolls of fog
 l - 6 scrolls of immolation
 m - a scroll of holy word
 o - 13 scrolls of teleportation
 y - 6 scrolls of fear
 D - 3 scrolls of blinking
 I - 8 scrolls of identify
 Y - 19 scrolls of remove curse
Potions
 h - 6 potions of agility
 p - 3 potions of ambrosia
 z - 5 potions of flight
 A - 16 potions of curing
 B - 4 potions of haste
 C - 2 potions of mutation
 K - 6 potions of cancellation
 L - 5 potions of magic
 N - 5 potions of lignification
 O - 3 potions of invisibility
 P - 4 potions of berserk rage
 Z - 6 potions of brilliance
Miscellaneous
 u - a figurine of a ziggurat
Comestibles
 f - 51 rations


   Skills:
 - Level 25.0 Fighting
 + Level 25.6 Short Blades
 - Level 17.8 Armour
 - Level 14.4 Dodging
 - Level 17.5 Stealth
 - Level 23.9 Shields
 - Level 25.0 Invocations


You had 26 spell levels left.
You didn't know any spells.

Dungeon Overview and Level Annotations

Branches:
Dungeon (15/15)            Temple (1/1) D:6            Lair (6/6) D:11
 Shoals (4/4) Lair:4       Spider (4/4) Lair:4        Slime (5/5) Lair:6
    Orc (2/2) D:10            Elf (3/3) Orc:2        Vaults (5/5) D:14
  Crypt (3/3) Vaults:3       Tomb (3/3) Crypt:3      Depths (5/5) D:15
   Hell (1/1)                 Dis (7/7) Hell            Geh (7/7) Hell
    Coc (7/7) Hell            Tar (7/7) Hell            Zot (5/5) Depths:5

Altars:
Ashenzari
Cheibriados
Elyvilon
Fedhas
Gozag
Hepliaklqana
Kikubaaqudgha
Makhleb
Nemelex Xobeh
Okawaru
Qazlal
Ru
Sif Muna
Trog
Uskayaw
Wu Jian
Xom
Yredelemnul
Zin
The Shining One
Beogh
Jiyva
Lugonu

Shops:
Orc:2 *((}}   Elf:3 :   Shoals:3 *   Depths:1 (   Depths:2 ?=}}

Portals:
Hell: Depths:1 Depths:3 Depths:4 Depths:5
Abyss: Depths:4
Pandemonium: Depths:1 Depths:2 Depths:3
Ziggurat: Depths:1

Annotations:
Lair:1 exclusion: oklob plant
Lair:4 exclusion: oklob plant
Spider:4 exclusion: Roxanne, Roxanne
Coc:7 Antaeus


Innate Abilities, Weirdness & Mutations

You have razor-sharp teeth.
You heal very quickly.
When hurt, damage is shared between your health and your magic reserves.
Your bite disrupts and absorbs the magic of your enemies.
Potions cannot restore your health.
You are immune to rotting.
Your mind is acute. (Int +2)


Message History

You see here a robe.
Evoke which item? (* to show all) (? for menu, Esc to quit)
Aiming: Dig
Press: ? - help, Shift-Dir - straight line The rock shatters into small pieces.
You hear a grinding noise.
There is a stone staircase leading up here.
You aren't carrying or standing over any spellbooks.
You climb upwards.
There is a stone staircase leading down here.
Evoke which item? (* to show all) (? for menu, Esc to quit)
Aiming: Dig
Press: ? - help, Shift-Dir - straight line The rock shatters into small pieces.
There is an escape hatch in the ceiling here.
A mysterious force pulls you upwards. The hatch slams shut behind you.
You see here a rat skeleton.
You see here a robe.
There is a staircase leading out of the dungeon here.
You have escaped!

..####.###
#..##.......##
#####..#
#..#.........#
......##
#..#.........#
..#####
#..#.........# .###
#..#....)....# ...#
#######รท.........#
##.#
#..[............##
...
#.####.##......##
###
#.#@.#.##..#####
#.#..#.##..#
#.##.#.##.## #
#....#.##.# #
######.##.. ####
..( .... ###. #


There were no monsters in sight!

Vanquished Creatures
  Cerebov (Pan)
  Asmodeus (Geh:7)
  the Royal Jelly (Slime:5)
  Gloorx Vloq (Pan)
  Ereshkigal (Tar:7)
  Mnoleg (Pan)
  Lom Lobon (Pan)
  the Serpent of Hell (Geh:7)
  Dispater (Dis:7)
  The ghost of Leszczynek the Wrestler, a legendary TrSk of Okawaru (Dis:5)
  8 orbs of fire
  4 ancient liches
  33 greater mummies
  Boris (Depths:3)
  2 shard shrikes (Coc:7)
  Frederick (Depths:4)
  2 Killer Klowns (Zot:5)
  Xtahua (Depths:5)
  6 pandemonium lords
  3 caustic shrikes (Depths:4)
  7 golden dragons
  A profane servitor (Abyss:3)
  6 bone dragons
  13 Tzitzimimeh
  An electric golem (Zot:5)
  7 iron giants (Dis:7)
  Jorgrun (Elf:3)
  3 doom hounds
  5 Brimstone Fiends (Geh:7)
  10 liches
  12 tentacled monstrosities
  11 Ice Fiends
  9 Hell Sentinels
  Asterion (Spider:4)
  3 quicksilver dragons
  24 Orb Guardians (Zot:5)
  2 titans
  3 deep elf blademasters
  24 acid blobs
  2 deep elf master archers (Elf:3)
  12 Executioners (Pan)
  7 tentacled starspawn
  Kirke (D:12)
  3 death cobs
  7 sphinxes
  A kraken (Shoals:4)
  2 tengu reavers
  10 ancient champions
  9 storm dragons
  4 warmongers (Pan)
  Ilsuiw (Shoals:4)
  12 azure jellies (Slime:5)
  19 balrugs
  5 draconian knights
  12 shadow dragons
  3 revenants
  8 frost giants
  2 imperial myrmidons (Desolation)
  7 fire giants
  15 vault wardens
  8 deep elf sorcerers
  13 cacodemons
  6 ghost moths
  4 deep elf elementalists
  6 iron dragons
  A draconian scorcher (Zot:4)
  4 emperor scorpions
  Aizul (Spider:4)
  A draconian stormcaller (Zot:3)
  A draconian shifter (Depths:5)
  2 ghouls (Crypt:2)
  13 ironheart preservers
  3 curse skulls
  4 elemental wellsprings (Coc:7)
  A spriggan defender (Depths:2)
  2 corrupters (Pan)
  24 war gargoyles
  A blood saint (Pan)
  31 reapers
  10 entropy weavers
  36 very ugly things
  12 bennus
  2 draconian annihilators (Pan)
  22 stone giants
  Nessos (D:13)
  A halazid warlock (Desolation)
  4 green draconians
  4 vampire knights
  A black draconian (Zot:1)
  An ophan (Abyss:1)
  2 black suns (Pan)
  18 deep elf annihilators
  3 red draconians
  6 white draconians
  5 deep elf demonologists
  2 yellow draconians
  3 spark wasps
  7 lorocyprocas (Pan)
  16 purple draconians
  3 statues (WizLab)
  6 eidola
  11 ettins
  2 green deaths (Pan)
  2 quicksilver dragon zombies
  19 mummy priests
  9 merfolk javelineers
  Snorg (D:11)
  7 merfolk impalers
  A crystal guardian (Desolation)
  18 blizzard demons
  9 fire dragons
  8 death oozes
  11 deep elf death magi
  Josephine (Lair:5)
  3 ragged hierophants (Desolation)
  3 jiangshi (Crypt:1)
  3 quicksilver dragon skeletons
  5 servants of whispers (Desolation)
  3 deep elf high priests (Vaults:5)
  5 monstrous demonspawn (Pan)
  7 ice dragons
  Erolcha (D:11)
  7 great orbs of eyes
  8 rakshasas
  19 yaktaur captains
  2 peacekeepers (Desolation)
  3 hell beasts
  3 spriggan air magi (Depths:4)
  36 vault guards
  9 hydras
  8 centaur warriors
  An anaconda (shapeshifter) (Depths:2)
  40 two-headed ogres
  An alligator snapping turtle (Shoals:4)
  A two-headed ogre (shapeshifter) (D:15)
  2 ghost crabs (Tar:6)
  47 death scarabs
  9 tengu warriors
  24 dancing weapons
  7 death knights
  12 ogre magi
  10 merfolk aquamancers
  6 deep troll shamans
  2 satyrs
  Urug (D:12)
  5 death yaks
  A queen ant (Lair:6)
  11 deep troll earth magi
  6 titan zombies
  A vampire mage (Crypt:1)
  6 hell hogs
  5 spriggan berserkers
  4 thrashing horrors
  24 sun demons
  29 soul eaters
  8 iron golems
  6 wretched stars
  3 golden dragon zombies
  2 spatial maelstroms (Abyss:3)
  24 deep elf knights
  5 storm dragon zombies
  The ghost of nono the Skirmisher, a novice VSFi of Wu Jian (D:11)
  60 skeletal warriors
  4 ghost moth zombies
  6 sixfirhies
  10 iron trolls
  5 shadow wraiths
  13 small abominations
  5 storm dragon skeletons
  9 sea snakes
  4 infernal demonspawn (Pan)
  4 unseen horrors
  6 torturous demonspawn
  29 deep trolls
  10 anaconda zombies
  30 starcursed masses
  A swamp dragon (shapeshifter) (Depths:1)
  27 large abominations
  An unseen horror (shapeshifter) (Vaults:1)
  11 deep elf archers
  5 glowing orange brains
  31 hell knights
  9 flayed ghosts
  15 phantasmal warriors
  16 shadow demons
  14 wizards
  16 harpies
  4 shadow dragon zombies
  6 gelid demonspawn (Pan)
  A golden dragon skeleton (Coc:7)
  4 orb spiders
  13 wolf spider zombies
  61 deep elf magi
  18 orc knights
  86 ugly things
  2 anaconda skeletons
  A sphinx zombie (Depths:1)
  21 ironbrand convokers
  2 iron dragon zombies
  14 manticores
  7 fire giant zombies
  An orc sorcerer (Orc:1)
  16 necromancers
  3 shadow dragon skeletons
  5 elephants (Lair:6)
  A mana viper (shapeshifter) (Vaults:5)
  An oklob plant (Lair:4)
  19 wolf spiders
  4 frost giant zombies
  4 shining eyes
  2 salamanders
  7 merfolk sirens
  5 stone giant zombies
  2 fauns
  3 guardian serpents (Desolation)
  A spriggan zombie (Depths:2)
  2 cyclopes
  2 worldbinders
  13 vault sentinels
  4 frost giant skeletons
  A cyclops (shapeshifter) (Vaults:5)
  An ice statue (Hell)
  5 water nymphs
  11 moths of wrath
  2 fire giant skeletons
  Maurice (D:12)
  3 stone giant skeletons
  A guardian serpent (shapeshifter) (Depths:3)
  27 rust devils
  2 dire elephant zombies
  2 shock serpent zombies (Geh:5)
  2 titan simulacra (Coc:7)
  6 black mambas
  An eye of devastation (Slime:4)
  13 smoke demons
  9 spectral swamp worms (Tar:7)
  2 storm dragon simulacra (Coc:7)
  A catoblepas zombie (Geh:7)
  2 gargoyles
  2 torpor snails
  7 molten gargoyles
  13 spiny frogs
  14 orange demons (Pan)
  A spiny frog (shapeshifter) (Depths:1)
  28 hellions
  38 yaktaurs
  6 kobold demonologists
  4 dire elephant skeletons
  A rime drake (IceCv)
  2 shock serpent skeletons (Tar:1)
  A komodo dragon (shapeshifter) (Vaults:5)
  An elf skeleton (Depths:1)
  2 efreet
  22 tormentors
  10 freezing wraiths
  10 komodo dragons
  7 redback zombies (Spider:2)
  5 anaconda simulacra
  9 demonic crawlers
  13 ice devils
  A silent spectre (Tar:1)
  6 ancient zymes
  15 hellwings
  40 guardian mummies
  26 red devils
  6 tengu conjurers
  9 jumping spiders
  10 trolls
  A green draconian skeleton (Crypt:2)
  A polar bear (shapeshifter) (Vaults:2)
  A harpy zombie (Geh:7)
  A catoblepas skeleton (Coc:7)
  7 wind drakes
  A sphinx simulacrum (Depths:1)
  A wolf spider simulacrum (Tomb:3)
  2 harpy skeletons
  A minotaur skeleton (Crypt:1)
  24 merfolk
  33 saltlings
  5 hydra zombies
  22 polar bears
  A wind drake (shapeshifter) (Vaults:4)
  4 hydra skeletons
  15 hornets
  9 tarantella zombies (Spider:2)
  30 slime creatures
  6 snapping turtles
  A bog body (Crypt:2)
  2 fire dragon zombies
  5 blink frogs
  3 raiju (Abyss:3)
  A stone giant simulacrum (Vaults:1)
  11 hippogriffs
  A hippogriff (shapeshifter) (Elf:2)
  5 ettin zombies
  7 alligator zombies
  A meliai zombie (Crypt:1)
  21 dream sheep
  A fire giant simulacrum (Depths:1)
  2 black mamba zombies
  An ice dragon zombie (Dis:5)
  46 redbacks
  3 ice dragon skeletons
  An alligator skeleton (Hell)
  A fire dragon skeleton (Coc:3)
  16 spriggans
  65 flying skulls
  2 spriggans (shapeshifter)
  4 wyverns
  8 ynoxinuls
  6 ettin skeletons
  17 shadows
  25 wraiths
  Sigmund (D:6)
  A vampire (D:15)
  17 water elementals
  3 air elementals
  7 basilisks
  A tarantella (shapeshifter) (Vaults:1)
  16 tarantellas
  An elf simulacrum (Vaults:5)
  36 yaks
  6 ushabtiu
  20 fire elementals
  18 humans (D:14)
  2 hogs (shapeshifter)
  2 hogs (D:12)
  2 hungry ghosts
  A yaktaur simulacrum (Depths:1)
  9 chaos spawn
  14 neqoxecs
  11 wargs
  6 spatial vortices (Abyss:3)
  A swamp worm (shapeshifter) (Depths:4)
  An acid dragon (Vaults:1)
  4 hydra simulacra
  4 spiny frog zombies
  26 soldier ants (Lair:6)
  2 floating eyes
  3 porcupines
  15 water moccasins
  A gelid demonspawn skeleton (Crypt:1)
  31 hell hounds
  6 ice beasts
  45 orc warriors
  3 spiny frog skeletons
  3 black bears (Lair:6)
  A hornet zombie (D:14)
  A manticore zombie (Coc:7)
  3 snapping turtle zombies
  2 sky beasts (D:10)
  6 eyes of draining
  5 phantoms
  33 ogres
  18 centaurs
  37 wolves
  18 boggarts
  A boggart (shapeshifter) (Depths:1)
  13 necrophages
  3 snapping turtle skeletons
  10 crocodiles
  7 big kobolds
  2 elf zombies
  20 bullfrogs
  3 earth elementals
  An ogre simulacrum (Vaults:1)
  A spiny frog simulacrum (Coc:7)
  A cyclops zombie (Crypt:2)
  A glowing shapeshifter simulacrum (Vaults:5)
  5 scorpions
  A water moccasin skeleton (D:8)
  3 wyvern skeletons (Crypt:3)
  21 wights
  8 killer bees
  A troll skeleton (Pan)
  2 howler monkeys (D:8)
  An electric eel (Spider:4)
  5 crimson imps
  6 quasits
  2 bullfrog zombies (D:5)
  A human simulacrum (Vaults:2)
  5 human zombies
  14 orc wizards
  13 orc priests
  5 bullfrog skeletons
  3 hounds
  5 jellies
  Ijyb (D:5)
  4 centaur skeletons
  2 iguanas
  24 iron imps
  A human skeleton (Crypt:1)
  A demonspawn skeleton (Crypt:1)
  33 worker ants
  A killer bee zombie (D:5)
  A felid zombie (Crypt:2)
  A naga zombie (Dis:3)
  An ogre skeleton (Coc:3)
  28 mummies
  A worker ant zombie (D:5)
  5 gnolls
  A howler monkey zombie (D:5)
  7 adders
  A river rat (Sewer)
  9 shadow imps
  10 white imps
  5 ufetubi
  2 oozes
  A halfling skeleton (Crypt:2)
  7 adder skeletons
  2 adder zombies (D:5)
  2 worms
  A ball lightning (Pan)
  A barachi skeleton (Crypt:1)
  4 leopard geckos
  91 orcs
  2 bats
  4 giant cockroaches
  A hobgoblin (D:1)
  A jackal (D:4)
  5 quokkas
  4 ball pythons (Sewer)
  7 frilled lizards
  A giant cockroach zombie (D:5)
  3 goblins
  3 jackal zombies (D:5)
  48 kobolds
  2 leopard gecko zombies (D:5)
  2 orc zombies
  A quokka skeleton (D:5)
  A quokka zombie (D:5)
  4 rats
  A fungus (D:1)
  21 pillars of salt
  2 plants (D:6)
  6 starspawn tentacles
3647 creatures vanquished.

Vanquished Creatures (collateral kills)
  An ancient lich (Vaults:5)
  Geryon (Hell)
  A titan (Vaults:5)
  3 acid blobs (Slime:5)
  A tengu reaver (Depths:3)
  2 fire giants
  2 frost giants
  2 imperial myrmidons (Desolation)
  3 ghost moths
  2 emperor scorpions (Spider:4)
  2 ironheart preservers
  A war gargoyle (Vaults:5)
  6 very ugly things
  A green draconian (Depths:5)
  2 stone giants
  2 deep elf annihilators (Elf:3)
  2 purple draconians (WizLab)
  3 ettins
  2 statues (WizLab)
  A merfolk javelineer (Shoals:4)
  3 deep elf death magi
  A ragged hierophant (Desolation)
  2 great orbs of eyes
  A deep elf high priest (Elf:3)
  2 yaktaur captains (Vaults:3)
  2 merfolk impalers (Shoals:4)
  An ice dragon (Depths:2)
  A rakshasa (Depths:3)
  3 servants of whispers (Desolation)
  A peacekeeper (Desolation)
  3 merfolk aquamancers
  A death knight (Vaults:3)
  An alligator snapping turtle (Shoals:3)
  A two-headed ogre (Vaults:3)
  A merfolk avatar (Shoals:4)
  A dancing weapon (Vaults:5)
  A small abomination (Elf:3)
  A deep elf knight (Vaults:5)
  A shadow wraith (Vaults:3)
  2 hell knights (Hell)
  A salamander mystic (Depths:2)
  A sea snake (Shoals:4)
  A deep troll (Depths:4)
  A flayed ghost (Vaults:3)
  2 necromancers
  9 harpies
  2 ironbrand convokers
  4 orb spiders (Spider:4)
  2 phantasmal warriors
  An anaconda skeleton (Hell)
  2 ugly things (Depths:3)
  10 deep elf magi
  5 wolf spiders
  2 salamanders (Depths:2)
  2 oklob plants (Spider:1)
  A manticore (Shoals:4)
  A cyclops (Shoals:4)
  3 fauns
  A moth of wrath (Spider:3)
  A merfolk siren (Shoals:4)
  An ice statue (IceCv)
  A vault sentinel (Vaults:5)
  A water nymph (Shoals:4)
  2 freezing wraiths
  2 yaktaurs
  A yaktaur skeleton (Vaults:5)
  A demonic crawler (Spider:4)
  7 merfolk
  An elf skeleton (Vaults:5)
  8 jumping spiders
  An ettin zombie (Depths:2)
  14 saltlings (Desolation)
  5 slime creatures
  A dream sheep (Shoals:3)
  2 hornets
  A snapping turtle (Shoals:4)
  9 redbacks (Spider:4)
  2 spriggans (Depths:4)
  4 tarantellas
  2 wraiths (Vaults:3)
  3 water elementals
  A spiny frog simulacrum (Hell)
  An earth elemental (Elf:3)
  2 plants (Shoals:3)
  2 tentacles (Shoals:4)
197 creatures vanquished.

Vanquished Creatures (others)
  2 death scarabs (Tomb:1)
  A hell hog (Geh:7)
  A tormentor (Geh:7)
  2 water elementals (Coc:7)
  A human (D:12)
  A neqoxec (Abyss:3)
  A boggart (Depths:4)
  A necrophage (Geh:1)
  A wolf (IceCv)
  A swamp dragon skeleton (Coc:2)
  A big kobold (D:12)
  A killer bee (D:8)
  A wight (Geh:1)
  3 mummies
  2 ball lightnings (Pan)
  A kobold (D:12)
  An orc zombie (Tomb:2)
  A bush (Lair:6)
  14 fungi
  77 pillars of salt
  38 plants
  16 starspawn tentacles
  2 tentacles (Shoals:4)
  4 withered plants (Crypt:3)
174 creatures vanquished.

Grand Total: 4018 creatures vanquished

Notes
Turn   | Place    | Note
-------+----------+-------------------------------------------
     0 | D:1      | nono the Vine Stalker Fighter began the quest for the Orb.
     0 | D:1      | Reached XP level 1. HP: 11/11 MP: 2/2
   128 | D:1      | Reached XP level 2. HP: 15/16 MP: 3/3
   231 | D:2      | Found a bloodstained altar of Trog.
   233 | D:2      | Found a sparkling altar of Nemelex Xobeh.
   284 | D:2      | Reached XP level 3. HP: 17/19 MP: 4/4
   637 | D:3      | Found a sparkling altar of Nemelex Xobeh.
   736 | D:4      | Gained mutation: Your natural rate of healing is unusually fast. [Vine Stalker growth]
   736 | D:4      | Reached XP level 4. HP: 17/24 MP: 5/5
   815 | D:4      | Reached XP level 5. HP: 28/28 MP: 6/6
   823 | D:5      | Entered Level 5 of the Dungeon
   938 | D:5      | Noticed an ogre
   956 | D:5      | Killed an ogre
   956 | D:5      | Reached XP level 6. HP: 26/33 MP: 7/7
  1047 | D:5      | Noticed Ijyb
  1072 | D:5      | Killed Ijyb
  1072 | D:5      | Reached XP level 7. HP: 37/37 MP: 8/8
  1236 | D:5      | Found a glowing drain.
  1241 | Sewer    | Entered a sewer
  2020 | D:6      | Gained mutation: You have razor-sharp teeth. [Vine Stalker growth]
  2020 | D:6      | Reached XP level 8. HP: 31/42 MP: 9/9
  2062 | D:7      | Reached skill level 5 in Shields
  2080 | D:7      | Found an iron altar of Okawaru.
  2088 | D:7      | Found an ancient bone altar of Kikubaaqudgha.
  2089 | D:7      | Found an opulent altar of Gozag.
  2127 | D:7      | Reached skill level 5 in Fighting
  2462 | D:6      | Found a shattered altar of Ashenzari.
  2600 | D:5      | Found a blossoming altar of Fedhas.
  2655 | D:5      | Reached skill level 5 in Armour
  2802 | D:4      | Reached skill level 5 in Short Blades
  3008 | D:4      | Reached XP level 9. HP: 48/48 MP: 10/10
  3220 | D:6      | Noticed Sigmund
  3231 | D:6      | Killed Sigmund
  3244 | D:6      | Found a staircase to the Ecumenical Temple.
  3255 | Temple   | Entered the Ecumenical Temple
  3294 | Temple   | Became a worshipper of the Shining One
  3761 | D:8      | Noticed a two-headed ogre
  3788 | D:8      | Killed a two-headed ogre
  4309 | D:10     | Entered Level 10 of the Dungeon
  4309 | D:10     | Noticed a centaur warrior
  4312 | D:10     | Reached XP level 10. HP: 10/53 MP: 11/11
  4314 | D:10     | Noticed a deep elf mage
  4317 | D:10     | Noticed an ogre mage
  4317 | D:10     | Noticed an orc knight
  4325 | D:10     | Reached * piety under the Shining One
  4464 | D:10     | Noticed a two-headed ogre
  4482 | D:10     | Killed a two-headed ogre
  4642 | D:10     | Found a staircase to the Orcish Mines.
  4811 | D:11     | Noticed nono's ghost (novice VSFi)
  4845 | D:11     | Killed nono's ghost
  4908 | D:11     | Noticed a purple ugly thing
  4924 | D:11     | Killed a purple ugly thing
  4924 | D:11     | Reached skill level 1 in Invocations
  5032 | D:11     | Reached XP level 11. HP: 43/60 MP: 13/13
  5037 | D:11     | Noticed a cyclops
  5048 | D:11     | Noticed Snorg
  5075 | D:11     | Killed Snorg
  5081 | D:11     | Killed a cyclops
  5130 | D:11     | Found a blossoming altar of Fedhas.
  5275 | D:11     | Noticed a five-headed hydra
  5389 | D:11     | Found a staircase to the Lair.
  5405 | Lair:1   | Entered Level 1 of the Lair of Beasts
  5515 | Lair:1   | Noticed an oklob plant
  5745 | Lair:1   | Reached ** piety under the Shining One
  5930 | Lair:2   | Found a frozen archway.
  5953 | IceCv    | Entered an ice cave
  6203 | IceCv    | Gained mutation: You heal very quickly. [Vine Stalker growth]
  6203 | IceCv    | Reached XP level 12. HP: 31/66 MP: 15/15
  6225 | IceCv    | Noticed a death yak
  6257 | IceCv    | Killed a death yak
  6727 | IceCv    | Noticed a frost giant
  6752 | IceCv    | Killed a frost giant
  7021 | Lair:2   | Reached skill level 10 in Shields
  7048 | Lair:2   | Noticed a five-headed hydra
  7064 | Lair:2   | Killed a five-headed hydra
  7064 | Lair:2   | Reached skill level 10 in Fighting
  7127 | Lair:2   | Noticed a four-headed hydra
  7139 | Lair:2   | Killed a four-headed hydra
  7155 | Lair:2   | Reached XP level 13. HP: 72/72 MP: 16/16
  7458 | Lair:3   | Reached skill level 10 in Short Blades
  8122 | Lair:4   | Found a staircase to the Shoals.
  8249 | Lair:4   | Found a hole to the Spider Nest.
  8589 | Spider:1 | Entered Level 1 of the Spider Nest
  8589 | Spider:1 | Noticed an entropy weaver
  8591 | Spider:1 | Reached *** piety under the Shining One
  8663 | Lair:5   | Reached skill level 10 in Armour
  8686 | Lair:5   | Noticed Josephine
  8702 | Lair:5   | Killed Josephine
  8885 | Lair:5   | Reached skill level 5 in Invocations
  9087 | Lair:5   | Reached XP level 14. HP: 76/79 MP: 19/19
  9154 | Lair:5   | Got a sparkling tin ring
  9156 | Lair:5   | Identified the ring "Geguhece" {rN+ MP+9 Int+6 Slay+4} (You found it on level 5 of the Lair of Beasts)
  9354 | Lair:6   | Entered Level 6 of the Lair of Beasts
  9454 | Lair:6   | Noticed an entropy weaver
  9533 | Lair:6   | Killed an entropy weaver
  9759 | Lair:6   | Found a viscous altar of Jiyva.
  9759 | Lair:6   | Found a staircase to the Slime Pits.
  9911 | Lair:6   | Noticed an entropy weaver
  9936 | Lair:6   | Killed an entropy weaver
 10201 | Lair:6   | Reached **** piety under the Shining One
 10283 | Lair:6   | Got a warped plate armour
 10294 | Lair:6   | Identified the +8 plate armour of the True Pharaoh {rN+ MR+} (You found it on level 6 of the Lair of Beasts)
 11367 | Orc:1    | Entered Level 1 of the Orcish Mines
 11385 | Orc:1    | Reached XP level 15. HP: 78/84 MP: 21/21
 11790 | Orc:2    | Entered Level 2 of the Orcish Mines
 12047 | Orc:2    | Found Xeyloare's Gadget Shoppe.
 12047 | Orc:2    | Found Aggei's Gadget Shop.
 12100 | Orc:2    | Found a roughly hewn altar of Beogh.
 12134 | Orc:2    | Found Yskuiphank's Antique Weapon Shoppe.
 12134 | Orc:2    | Found Geujiukh's Weapon Shop.
 12313 | Orc:2    | Found Awuaduur's General Store.
 12322 | Orc:2    | Bought a scroll of blinking for 112 gold pieces
 12342 | Orc:2    | Found a staircase to the Elven Halls.
 12707 | D:11     | Noticed Erolcha
 12720 | D:11     | Killed Erolcha
 13023 | D:12     | Noticed Urug
 13024 | D:12     | Identified a scroll of acquirement
 13058 | D:12     | Killed Urug
 13103 | D:12     | Noticed Maurice
 13111 | D:12     | Killed Maurice
 13122 | D:12     | Noticed Kirke
 13151 | D:12     | Killed Kirke
 13465 | D:13     | Reached ***** piety under the Shining One
 13562 | D:13     | Noticed Nessos
 13585 | D:13     | Killed Nessos
 13956 | D:13     | Got a crude rapier
 13957 | D:13     | Identified the +9 rapier "Pendulum" {protect, rElec rN+ Str-5} (You acquired it on level 13 of the Dungeon)
 14171 | D:14     | Reached XP level 16. HP: 90/90 MP: 23/23
 14641 | D:14     | Found a gate to the Vaults.
 14789 | D:15     | Entered Level 15 of the Dungeon
 14894 | D:15     | Reached ****** piety under the Shining One
 15015 | D:15     | Found a staircase to the Depths.
 15043 | Depths:1 | Entered Level 1 of the Depths
 15187 | Depths:1 | Reached skill level 10 in Invocations
 15290 | Depths:1 | Found a one-way gate leading to the halls of Pandemonium.
 15509 | Depths:1 | Found a gateway to a ziggurat.
 15527 | Depths:1 | Reached XP level 17. HP: 95/95 MP: 25/25
 15923 | Depths:1 | Found a gateway to Hell.
 16201 | Depths:2 | Found Ruongaes's Magic Scroll Boutique.
 16201 | Depths:2 | Noticed a lich
 16337 | Depths:1 | Killed a lich
 16430 | Depths:1 | Found Calyucli's Antique Weapon Boutique.
 16504 | Depths:2 | Bought a scroll of teleportation for 48 gold pieces
 16504 | Depths:2 | Bought a scroll of teleportation for 48 gold pieces
 16504 | Depths:2 | Bought a scroll of teleportation for 48 gold pieces
 16579 | Depths:2 | Found Boifumi's Jewellery Boutique.
 16579 | Depths:2 | Found Fuxu's Gadget Shoppe.
 16580 | Depths:2 | Found Weychisa's Gadget Shoppe.
 16592 | Depths:2 | Bought a wand of digging (14) for 432 gold pieces
 17009 | D:10     | Reached XP level 18. HP: 100/101 MP: 27/27
 17089 | D:10     | Got a flickering bone amulet
 17102 | D:10     | Identified the amulet "Quusisch" {Harm *Drain Int+5} (You found it on level 10 of the Dungeon)
 17374 | Shoals:1 | Entered Level 1 of the Shoals
 18360 | Shoals:3 | Found Uthot Nesarr's General Store.
 18370 | Shoals:3 | Bought a scroll of enchant weapon for 105 gold pieces
 18672 | Shoals:3 | Got a jewelled helmet
 18678 | Shoals:3 | Identified the -5 helmet of the Circus Animal {rPois Dex+2} (You found it on level 3 of the Shoals)
 18757 | Shoals:3 | Reached skill level 1 in Dodging
 18812 | Shoals:4 | Entered Level 4 of the Shoals
 19089 | Shoals:4 | Got a barnacled rune of Zot
 19109 | Shoals:4 | Reached skill level 5 in Dodging
 19117 | Shoals:4 | Noticed Ilsuiw
 19146 | Shoals:4 | Killed Ilsuiw
 19274 | Shoals:4 | Reached XP level 19. HP: 36/106 MP: 16/29
 19547 | Shoals:4 | Got a flickering golden amulet
 19548 | Shoals:4 | Identified the amulet "Ceoritem" {Gourm Dex+4} (You found it on level 4 of the Shoals)
 19619 | Shoals:4 | Got a warped ring mail
 19630 | Shoals:4 | Identified the +4 ring mail "Towahur" {Regen+ Slay+5} (You found it on level 4 of the Shoals)
 19862 | Spider:1 | Identified Emalac's Reference Book on Ashen Cold
 20335 | Spider:2 | Reached skill level 10 in Dodging
 20502 | Spider:4 | Entered Level 4 of the Spider Nest
 20546 | Spider:4 | Noticed Roxanne
 20628 | Spider:4 | Noticed Asterion
 20648 | Spider:4 | Killed Asterion
 21048 | Spider:4 | Reached XP level 20. HP: 112/112 MP: 30/30
 21072 | Spider:4 | Got a gossamer rune of Zot
 21161 | Spider:4 | Noticed Aizul
 21187 | Spider:4 | Killed Aizul
 21587 | Elf:1    | Entered Level 1 of the Elven Halls
 21816 | Elf:2    | Found a flickering gateway to a bazaar.
 21836 | Bazaar   | Entered a bazaar
 21836 | Bazaar   | Found Hatux's Distillery.
 21844 | Bazaar   | Found Wualalui's Gadget Emporium.
 21852 | Bazaar   | Found Ixyr's Antique Weapon Boutique.
 21875 | Bazaar   | Found Toxuzyke's General Store.
 21883 | Bazaar   | Bought a scroll of teleportation for 36 gold pieces
 21883 | Bazaar   | Bought a scroll of enchant weapon for 90 gold pieces
 21883 | Bazaar   | Found Finim's Antique Armour Shoppe.
 21891 | Bazaar   | Bought a pair of faintly glowing boots for 171 gold pieces
 21891 | Bazaar   | Bought a pair of glowing gloves for 135 gold pieces
 21901 | Bazaar   | Identified the +2 pair of boots "Etaozoth" {rElec Int-5 Stlth+} (You bought it in a shop in a bazaar)
 21929 | Bazaar   | Bought a runed helmet for 135 gold pieces
 21951 | Bazaar   | Bought 2 potions of mutation for 112 gold pieces
 21951 | Bazaar   | Bought a potion of magic for 56 gold pieces
 21951 | Bazaar   | Bought a potion of curing for 21 gold pieces
 21951 | Bazaar   | Bought a potion of haste for 70 gold pieces
 21951 | Bazaar   | Bought a potion of heal wounds for 35 gold pieces
 21951 | Bazaar   | Bought a potion of curing for 21 gold pieces
 21951 | Bazaar   | Bought a potion of cancellation for 56 gold pieces
 21951 | Bazaar   | Bought a potion of heal wounds for 35 gold pieces
 22364 | Elf:2    | Found a huge runed gate.
 22364 | Elf:2    | Found a huge runed gate.
 22364 | Elf:2    | Found a huge runed gate.
 22364 | Elf:2    | Found a huge runed gate.
 22364 | Elf:2    | Found a huge runed gate.
 22776 | Elf:3    | Entered Level 3 of the Elven Halls
 23026 | Elf:3    | Found Faockimo's Book Shop.
 23052 | Elf:3    | Got a glittering steel ring
 23054 | Elf:3    | Identified the ring of Gakhazxa {Fire Int+4 Dex+4} (You found it on level 3 of the Elven Halls)
 23372 | Elf:3    | Reached skill level 15 in Shields
 23402 | Elf:3    | Reached skill level 15 in Fighting
 23425 | Elf:3    | Noticed Jorgrun
 23438 | Elf:3    | Killed Jorgrun
 23438 | Elf:3    | Reached XP level 21. HP: 113/117 MP: 31/31
 23585 | Elf:3    | Identified the Incunabulum of Doomed Weightlessness
 23636 | Elf:3    | Reached skill level 15 in Short Blades
 23815 | Elf:3    | Identified the ring "Vyddoap" {rF- rC+ MR+ Str+3} (You took it off a deep elf death mage on level 3 of the Elven Halls)
 24842 | Depths:3 | Noticed Boris
 24855 | Depths:3 | Killed Boris
 25388 | Depths:4 | Reached XP level 22. HP: 117/123 MP: 33/33
 25449 | Depths:5 | Entered Level 5 of the Depths
 25449 | Depths:5 | Noticed Xtahua
 25455 | Depths:5 | Noticed a caustic shrike
 25459 | Depths:5 | Noticed a caustic shrike
 25460 | Depths:5 | Noticed a caustic shrike
 25481 | Depths:4 | Killed a caustic shrike
 25519 | Depths:4 | Killed a caustic shrike
 25647 | Depths:4 | Killed a caustic shrike
 25680 | Depths:5 | Killed Xtahua
 25744 | Depths:5 | Found a magical portal.
 25787 | Depths:5 | Paralysed by a floating eye for 2 turns
 25840 | WizLab   | Entered Iskenderun's Mystic Tower
 26114 | WizLab   | Identified Iskenderun's Almanac of Combat Magic
 26114 | WizLab   | Identified Iskenderun's Papyrus of Arcane Weapons
 26146 | WizLab   | Identified the Volume of the Sinister Glacier
 26305 | Depths:5 | Reached skill level 15 in Armour
 26313 | Depths:5 | Noticed a golden dragon
 26363 | Depths:5 | Killed a golden dragon
 26602 | Vaults:1 | Entered Level 1 of the Vaults
 26942 | Vaults:1 | Reached XP level 23. HP: 106/129 MP: 35/35
 27082 | Vaults:1 | Reached skill level 15 in Invocations
 27900 | Vaults:2 | Got a glittering copper ring
 27901 | Vaults:2 | Identified the ring "Vaimy" {Dex+4 Slay+3 Stlth+} (You found it on level 2 of the Vaults)
 28491 | Vaults:2 | Identified a +9 quick blade of holy wrath (a +7 quick blade blessed by the Shining One)
 28491 | Vaults:2 | Received a gift from the Shining One
 28710 | Vaults:3 | Found a ruined gateway.
 28719 | Desolati | Entered the Desolation of Salt
 28786 | Desolati | Got a slimy tin amulet
 28789 | Desolati | Identified the amulet "Ymushobb" {Faith Str+2} (You found it in the Desolation of Salt)
 28811 | Desolati | Got a flickering lapis lazuli ring
 28812 | Desolati | Identified the ring "Zejeh" {rF+ Str+3 SInv Stlth-} (You found it in the Desolation of Salt)
 28998 | Desolati | Found the +5 demon whip "Spellbinder" {antimagic, MR+}
 29026 | Desolati | Reached XP level 24. HP: 113/135 MP: 35/35
 29062 | Desolati | Got an ancient golden ring
 29063 | Desolati | Identified the ring of Sif Muna's Hope {rF+ rC+ AC+2} (You found it in the Desolation of Salt)
 29359 | Vaults:3 | Gained mutation: Your flesh is cold resistant. (rC+) [potion of mutation]
 29359 | Vaults:3 | Gained mutation: You are covered in fur. (AC +1) [potion of mutation]
 30148 | Vaults:5 | Entered Level 5 of the Vaults
 30334 | Vaults:5 | Noticed an ancient lich
 30364 | Vaults:5 | Killed an ancient lich
 30427 | Vaults:5 | Reached XP level 25. HP: 141/141 MP: 36/36
 30513 | Vaults:4 | Reached skill level 1 in Stealth
 30618 | Vaults:5 | Reached skill level 5 in Stealth
 30638 | Vaults:5 | Identified Sif Muna's Grimoire of the Unholy Birds
 30838 | Vaults:5 | Noticed an ancient lich
 30855 | Vaults:5 | Killed an ancient lich
 31198 | Vaults:5 | Reached skill level 10 in Stealth
 31238 | Vaults:5 | Identified the amulet of Tiul {Faith -Tele rN+ Str+3 Slay+2} (You took it off a yaktaur captain on level 5 of the Vaults)
 31962 | Hell     | Entered the Vestibule of Hell
 31962 | Hell     | Noticed Geryon
 31990 | Hell     | Killed Geryon
 32353 | Slime:1  | Entered Level 1 of the Pits of Slime
 32430 | Slime:2  | Reached XP level 26. HP: 142/150 MP: 36/36
 32532 | Slime:5  | Entered Level 5 of the Pits of Slime
 32639 | Slime:5  | Found a viscous altar of Jiyva.
 32639 | Slime:5  | Noticed the Royal Jelly
 32872 | Slime:5  | Killed the Royal Jelly
 32872 | Slime:5  | Was placed under penance by the Shining One
 33005 | Slime:5  | Got a slimy rune of Zot
 33063 | Slime:5  | Lost mutation: Your flesh is cold resistant. (rC+) [potion of mutation]
 33063 | Slime:5  | Gained mutation: You are dopey. (Int -2) [potion of mutation]
 33063 | Slime:5  | Gained mutation: You evolve. [potion of mutation]
 33064 | Slime:5  | Lost mutation: You are dopey. (Int -2) [potion of mutation]
 33064 | Slime:5  | Lost mutation: You evolve. [potion of mutation]
 33064 | Slime:5  | Lost mutation: You are covered in fur. (AC +1) [potion of mutation]
 33064 | Slime:5  | Gained mutation: You are resistant to hostile enchantments. (MR+) [potion of mutation]
 33064 | Slime:5  | Gained mutation: You have a pair of small antennae on your head. [potion of mutation]
 33064 | Slime:5  | Gained mutation: Your mind is acute. (Int +2) [potion of mutation]
 33478 | D:9      | Found a glowing silver altar of Zin.
 33483 | D:9      | Fell from the grace of the Shining One
 33483 | D:9      | Became a worshipper of Zin the Law-Giver
 33483 | D:9      | Reached * piety under Zin
 33483 | D:9      | Reached ** piety under Zin
 33483 | D:9      | Reached *** piety under Zin
 33484 | D:9      | Donated 2020 gold pieces to Zin
 33555 | D:12     | Reached **** piety under Zin
 33634 | Depths:1 | Reached ***** piety under Zin
 33650 | Pan      | Entered Pandemonium
 33867 | Pan      | Noticed Weruecor the pandemonium lord
 33886 | Pan      | Killed Weruecor the pandemonium lord
 33908 | Pan      | Entered the realm of Gloorx Vloq.
 34521 | Pan      | Noticed Gloorx Vloq
 34534 | Pan      | Killed Gloorx Vloq
 34554 | Pan      | Reached skill level 15 in Stealth
 34589 | Pan      | Got a dark rune of Zot
 34758 | Pan      | Noticed Loumou Wolu the pandemonium lord
 34768 | Pan      | Killed Loumou Wolu the pandemonium lord
 34951 | Pan      | Noticed Bimyitre the pandemonium lord
 34974 | Pan      | Killed Bimyitre the pandemonium lord
 34974 | Pan      | Reached XP level 27. HP: 144/158 MP: 36/36
 35064 | Pan      | Found a runed door.
 35101 | Pan      | Reached ****** piety under Zin
 35125 | Pan      | Got a demonic rune of Zot
 35136 | Pan      | Entered the realm of Mnoleg.
 35563 | Pan      | Noticed Mnoleg
 35684 | Pan      | Killed Mnoleg
 35691 | Pan      | Got a glowing rune of Zot
 35724 | Pan      | Lost mutation: You are resistant to hostile enchantments. (MR+) [potion of mutation]
 35724 | Pan      | Lost mutation: You have a pair of small antennae on your head. [potion of mutation]
 35756 | Pan      | Entered the realm of Lom Lobon.
 35887 | Pan      | Noticed Lom Lobon
 35952 | Pan      | Got a magical rune of Zot
 36162 | Pan      | Killed Lom Lobon
 36599 | Pan      | Noticed Pavaysown the pandemonium lord
 36627 | Pan      | Killed Pavaysown the pandemonium lord
 36661 | Pan      | Entered the realm of Cerebov.
 36799 | Pan      | Got a smoking turquoise ring
 36801 | Pan      | Got a brightly glowing turquoise ring
 36803 | Pan      | Identified the ring of Ufuf {rPois rC+ MR+} (You found it in Pandemonium)
 36805 | Pan      | Identified the ring "Diruhia" {MR+ Int+4} (You found it in Pandemonium)
 36829 | Pan      | Got an ancient brass ring
 36833 | Pan      | Identified the ring of Boera {rPois rC+ MR+ Str-3 Dex+2} (You found it in Pandemonium)
 36898 | Pan      | Got a coiled tin ring
 36900 | Pan      | Identified the ring "Jifuresh" {+Fly Int+5} (You found it in Pandemonium)
 36962 | Pan      | Noticed Cerebov
 37020 | Pan      | Killed Cerebov
 37040 | Pan      | Got a fiery rune of Zot
 37307 | Pan      | Noticed Yfotin the pandemonium lord
 37322 | Pan      | Killed Yfotin the pandemonium lord
 37349 | Depths:1 | Escaped Pandemonium
 37489 | Depths:4 | Found a transporter.
 37497 | Depths:4 | Found a corrupted altar of Lugonu.
 37601 | Depths:4 | Identified the Grimoire of the Vacuum
 37653 | Depths:4 | Found a transporter.
 37958 | Depths:4 | Noticed Frederick
 37974 | Depths:4 | Killed Frederick
 37998 | Depths:4 | Found a one-way gate to the infinite horrors of the Abyss.
 38012 | Depths:4 | Voluntarily entered the Abyss.
 38012 | Abyss:1  | Found a corrupted altar of Lugonu.
 38131 | Abyss:1  | Paralysed by accursed screaming for 1 turns
 38189 | Abyss:2  | Found a corrupted altar of Lugonu.
 38205 | Abyss:3  | Found a corrupted altar of Lugonu.
 38700 | Abyss:3  | Paralysed by accursed screaming for 2 turns
 38710 | Abyss:3  | Paralysed by accursed screaming for 2 turns
 38726 | Abyss:3  | Paralysed by accursed screaming for 2 turns
 38738 | Abyss:3  | Paralysed by accursed screaming for 2 turns
 38763 | Abyss:3  | Got an abyssal rune of Zot
 38933 | Abyss:3  | Found a shimmering altar of Xom.
 39113 | Depths:4 | Escaped the Abyss
 39156 | Hell     | Found a gateway to the decaying netherworld of Tartarus.
 39165 | Tar:1    | Entered Level 1 of Tartarus
 39638 | Tar:7    | Entered Level 7 of Tartarus
 40162 | Tar:7    | Noticed Ereshkigal
 40194 | Tar:7    | Killed Ereshkigal
 40251 | Tar:7    | Got a bone rune of Zot
 40263 | Tar:7    | Got a scorched pewter amulet
 40476 | Hell     | Found a gateway to the freezing wastes of Cocytus.
 40639 | Hell     | Found a gateway to the ashen valley of Gehenna.
 40650 | Geh:1    | Entered Level 1 of Gehenna
 41188 | Geh:7    | Entered Level 7 of Gehenna
 41485 | Geh:7    | Noticed the Serpent of Hell
 41499 | Geh:7    | Killed the Serpent of Hell
 41847 | Geh:7    | Noticed Asmodeus
 41858 | Geh:7    | Got an obsidian rune of Zot
 41915 | Geh:7    | Killed Asmodeus
 42035 | Hell     | Found a gateway to the Iron City of Dis.
 42040 | Dis:1    | Entered Level 1 of the Iron City of Dis
 42327 | Dis:3    | You fall through a shaft for 2 floors!
 42768 | Dis:5    | Noticed Leszczynek's ghost (legendary TrSk)
 42798 | Dis:5    | Killed Leszczynek's ghost
 42860 | Dis:7    | Entered Level 7 of the Iron City of Dis
 43763 | Dis:7    | Noticed Dispater
 43806 | Dis:7    | Killed Dispater
 43844 | Dis:7    | Got an iron rune of Zot
 44078 | Coc:1    | Entered Level 1 of Cocytus
 44521 | Coc:4    | You fall through a shaft for 2 floors!
 44526 | Coc:7    | Entered Level 7 of Cocytus
 44920 | Coc:7    | Noticed Antaeus
 45063 | Coc:7    | Got an icy rune of Zot
 45699 | Vaults:5 | Got a silver rune of Zot
 45782 | Vaults:3 | Found a staircase to the Crypt.
 45788 | Crypt:1  | Entered Level 1 of the Crypt
 46242 | Crypt:2  | Found a basalt altar of Yredelemnul.
 46372 | Crypt:3  | Entered Level 3 of the Crypt
 46699 | Crypt:3  | Found a staircase to the Tomb.
 46764 | Tomb:1   | Entered Level 1 of the Tomb of the Ancients
 46913 | Tomb:1   | Noticed a greater mummy
 46928 | Tomb:1   | Noticed a greater mummy
 46928 | Tomb:1   | Killed a greater mummy
 46943 | Tomb:1   | Killed a greater mummy
 47265 | Tomb:1   | Got a heavily runed amber ring
 47267 | Tomb:1   | Identified the amulet of Poiruje {Reflect +Fly rN+ SH+2 SInv} (You found it on level 7 of Tartarus)
 47268 | Tomb:1   | Identified the ring of Joy {rN++ MP+9 Int-3 Dex+2 SInv} (You found it on level 1 of the Tomb of the Ancients)
 47350 | Tomb:1   | Paralysed by a Zot trap for 4 turns
 47372 | Tomb:1   | Noticed a greater mummy
 47372 | Tomb:1   | Noticed a greater mummy
 47373 | Tomb:1   | Noticed a greater mummy
 47376 | Tomb:1   | Noticed a greater mummy
 47377 | Tomb:1   | Killed a greater mummy
 47385 | Tomb:1   | Noticed a greater mummy
 47393 | Tomb:1   | Noticed a greater mummy
 47394 | Tomb:1   | Killed a greater mummy
 47432 | Tomb:1   | Killed a greater mummy
 47443 | Tomb:1   | Killed a greater mummy
 47449 | Tomb:1   | Killed a greater mummy
 47452 | Tomb:1   | Killed a greater mummy
 47475 | Tomb:1   | Noticed a greater mummy
 47485 | Tomb:1   | Killed a greater mummy
 47606 | Tomb:1   | Noticed a greater mummy
 47616 | Tomb:1   | Killed a greater mummy
 47635 | Tomb:1   | Noticed a greater mummy
 47645 | Tomb:1   | Noticed a greater mummy
 47648 | Tomb:1   | Killed a greater mummy
 47659 | Tomb:1   | Killed a greater mummy
 47675 | Tomb:1   | Noticed a greater mummy
 47679 | Tomb:1   | Noticed a greater mummy
 47689 | Tomb:1   | Killed a greater mummy
 47690 | Tomb:1   | Noticed a greater mummy
 47697 | Tomb:1   | Noticed a greater mummy
 47697 | Tomb:1   | Killed a greater mummy
 47706 | Tomb:1   | Noticed a greater mummy
 47719 | Tomb:1   | Noticed a greater mummy
 47719 | Tomb:1   | Killed a greater mummy
 47726 | Tomb:1   | Noticed a greater mummy
 47726 | Tomb:1   | Killed a greater mummy
 47829 | Tomb:1   | Killed a greater mummy
 47837 | Tomb:1   | Killed a greater mummy
 47847 | Tomb:1   | Killed a greater mummy
 47908 | Tomb:1   | Noticed a greater mummy
 47922 | Tomb:1   | Killed a greater mummy
 47938 | Tomb:1   | Noticed a greater mummy
 47939 | Tomb:1   | Noticed a greater mummy
 47943 | Tomb:1   | Noticed a greater mummy
 47943 | Tomb:1   | Noticed a greater mummy
 48055 | Tomb:1   | Killed a greater mummy
 48065 | Tomb:1   | Killed a greater mummy
 48166 | Tomb:1   | Killed a greater mummy
 48171 | Tomb:1   | Killed a greater mummy
 48347 | Tomb:3   | Entered Level 3 of the Tomb of the Ancients
 48531 | Tomb:3   | Noticed a greater mummy
 48531 | Tomb:3   | Noticed a greater mummy
 48552 | Tomb:3   | Noticed a greater mummy
 48572 | Tomb:3   | Killed a greater mummy
 48576 | Tomb:3   | Found the ring of Phasing {EV+8}
 48600 | Tomb:3   | Noticed a greater mummy
 48607 | Tomb:3   | Killed a greater mummy
 48617 | Tomb:3   | Noticed a greater mummy
 48623 | Tomb:3   | Killed a greater mummy
 48647 | Tomb:3   | Killed a greater mummy
 48678 | Tomb:3   | Killed a greater mummy
 48688 | Tomb:3   | Noticed a greater mummy
 48735 | Tomb:3   | Noticed a greater mummy
 48764 | Tomb:3   | Killed a greater mummy
 48782 | Tomb:3   | Noticed a greater mummy
 48790 | Tomb:3   | Killed a greater mummy
 48798 | Tomb:3   | Killed a greater mummy
 48905 | Tomb:3   | Noticed a greater mummy
 48920 | Tomb:3   | Got a golden rune of Zot
 48933 | Tomb:3   | Killed a greater mummy
 49669 | Depths:1 | Donated 2846 gold pieces to Zin
 49775 | Depths:2 | You fall through a shaft!
 49851 | Depths:5 | Found a gate to the Realm of Zot.
 49890 | Zot:1    | Entered Level 1 of the Realm of Zot
 50487 | Zot:3    | Noticed an orb of fire
 50501 | Zot:3    | Killed an orb of fire
 50638 | Zot:5    | Entered Level 5 of the Realm of Zot
 50860 | Zot:5    | Noticed an ancient lich
 50868 | Zot:5    | Killed an ancient lich
 50877 | Zot:5    | Noticed an orb of fire
 50882 | Zot:5    | Noticed an orb of fire
 50901 | Zot:5    | Killed an orb of fire
 50926 | Zot:5    | Killed an orb of fire
 50958 | Zot:5    | Noticed an orb of fire
 50985 | Zot:5    | Killed an orb of fire
 51095 | Zot:5    | Noticed an orb of fire
 51095 | Zot:5    | Noticed an orb of fire
 51122 | Zot:5    | Killed an orb of fire
 51133 | Zot:5    | Killed an orb of fire
 51148 | Zot:5    | Noticed an ancient lich
 51151 | Zot:5    | Noticed an orb of fire
 51155 | Zot:5    | Killed an ancient lich
 51162 | Zot:5    | Killed an orb of fire
 51164 | Zot:5    | Noticed an orb of fire
 51181 | Zot:5    | Killed an orb of fire
 51284 | Zot:5    | Got the Orb of Zot
 51372 | Zot:5    | Noticed an ancient lich
 51385 | Zot:5    | Killed an ancient lich
 51466 | Zot:2    | Noticed Yrysypn the pandemonium lord
 51550 | Depths:5 | Noticed Ucuterubo the pandemonium lord
 51569 | Depths:5 | Killed Ucuterubo the pandemonium lord
 51581 | Depths:5 | Noticed Velo Bau the pandemonium lord
 51986 | D:$      | Escaped with the Orb!

Vault maps used:
D:1:      zelgadis_glass_arrival_small, minmay_gold_behind_fungi
D:2:      chequers_temple_overflow_statue_of_worship, first_ration,
          minmay_tall_x, uniq_robin
D:3:      st_stairs_13, nemelex_spade_bored_becter, uniq_crazy_yiuf_cottage
D:4:      minivault_1, minmay_three_crescents
D:5:      marbit_many_paths, portal_sewer_entry_e, serial_undead,
          serial_undead_a, serial_undead_f, serial_undead_b, serial_undead_a,
          uniq_ijyb
D:6:      kennysheep_kobold_camp, kennysheep_mini, temple_hall, led_sif_pool,
          uniq_sigmund
D:7:      minitemple
D:8:      the_bakery, minmay_misc_feat_roman, minivault_19,
          minmay_misc_feat_rows, st_stairs_6
D:9:      cheibrodos_barr_body, nicolae_dithmenos_through_a_glass_darkly,
          kennysheep_little_box
D:10:     orc_0_dummy, minivault_12
D:11:     grunt_lair_entry_orc_guard_hut, basic_altar, lightli_fourway_metalbox,
          uniq_snorg, uniq_erolcha
D:12:     spider_trap, uniq_maurice, uniq_kirke, uniq_urug
D:13:     uniq_nessos
D:14:     grunt_vaults_entry_tiered, minmay_strange_pillars
D:15:     hangedman_depths_entry_try_elsewhere_first, minivault_23
Temple:   dshaligram_water_room_temple
Lair:1:   grunt_megastairs_1, minmay_lair_oklob_chamber
Lair:2:   portal_ice_cave_entry_pillars_1
Lair:3:   nicolae_quartered_pool_super
Lair:4:   minmay_lair_oklob_tunnel, minmay_shoals_entry_beasts,
          dummy_spider_entry, hangedman_lair_generics_rect
Lair:5:   st_stairs_5, uniq_josephine
Lair:6:   minmay_lair_end_enchanted_forest, slime_altar_1, minivault_29
Shoals:1: nicolae_shoals_flooded_hall
Shoals:2: nicolae_shoals_square_sea_wall
Shoals:3: serial_shops, nicolae_shop_stone, nicolae_shoals_aquamancer_cove
Shoals:4: shoals_end_grunt_ice, shoals_ilsuiw_alternative
Spider:1: spider_temple_joshua, hangedman_spider_tarantella_strand
Spider:2: lemuel_spider_zombies, spider_trap
Spider:3: special_room
Spider:4: spider_rune_water, uniq_asterion, uniq_aizul, uniq_roxanne
Slime:3:  basic_altar
Orc:2:    st_orc_town, serial_shops, shop
Elf:1:    special_room, evilmike_minifort, serial_sigils_hangedman_scratch,
          nicolae_twisting_strands
Elf:2:    serial_shops, bzr_entry_islet
Elf:3:    elf_hall, serial_shops, nicolae_shop_statue_plus, uniq_jorgrun
Vaults:1: nicolae_vaults_border_crossing, dpeg_vaults_waves,
          nicolae_vaults_what_the_h, v_misc_19, vaults_dpeg_cross, v_pattern_2,
          serial_ice_g
Vaults:2: hangedman_vaults_capsules, vaults_room_semicircle, vaults_room_pool,
          vaults_mumra_hex, v_misc_1, nicolae_vaults_network_square,
          nicolae_vaults_windows_and_doors_thing, nicolae_vaults_circle_grid_a,
          hangedman_vaults_stretched_pinwheel, nicolae_vaults_shelves_hall,
          nicolae_vaults_little_squares_5, nicolae_vaults_alarming
Vaults:3: v_misc_8, grunt_vaults_diagonal, nicolae_vaults_hallways_thing,
          v_misc_12, nicolae_vaults_network_star, v_misc_15,
          blue_anna_dwarven_crypt, nicolae_vaults_yaktaur_gun_rack,
          v_alt_pattern_2, hangedman_vaults_impose, v_misc_2, vaults_room_pools,
          portal_desolation_entry_ruin
Vaults:4: nicolae_vaults_an_arrangement, grunt_vaults_focal, v_misc_22,
          hangedman_vaults_trim, nicolae_vaults_little_squares_4,
          nicolae_vaults_network_s, v_misc_10, vaults_mumra_hexcomb, v_misc_9,
          v_misc_28, vaults_room_large_hall, vaults_dpeg_ring,
          grunt_vaults_hallway_short
Vaults:5: serial_shops
Crypt:1:  grunt_ministairs_4, palyth_stone_intersect,
          grunt_crypt_arrival_guarded_gate
Crypt:2:  basic_altar, minivault_11, grunt_megastairs_5
Crypt:3:  evilmike_haunted_forest
Depths:1: enter_ziggurat_e, grunt_hell_entry_dis_old, serial_shops,
          nicolae_shop_waterfront, grunt_pan_entry_in_and_out, special_room,
          minmay_misc_feat_iff, kennysheep_generic_room_2
Depths:2: evilmike_lava_path, hellmouth_1, serial_shops, shop,
          serial_bayou_lagoon_a, pan_entry, minmay_shop_grove
Depths:3: cheibrodos_birdhouse, pan_entry, serial_corexii_hall,
          corexii_hall_statues_i, corexii_hall_statues_l,
          corexii_hall_statues_i, minmay_misc_feat_alley,
          hangedman_tar_grid_catacomb, basic_stair_grate_trap, uniq_boris
Depths:4: gammafunk_corrupted_shrine, serial_sigils_hangedman_shear, hell_entry,
          hangedman_abyss_entry_splay, minmay_acid_items, uniq_frederick
Depths:5: grunt_zot_entry_gee_three, mu_enter_wizlab_2, grunt_mini_vestibule,
          hex_tiny, uniq_xtahua
Dis:1:    hangedman_feature_mirror
Dis:5:    hangedman_dis_decor_blocks_talon, nicolae_dis_iron_filings
Dis:7:    iron_city_of_dis
Geh:2:    grunt_megastairs_2
Geh:7:    geh_grunt
Coc:3:    hangedman_mysterious_dungeon_monster_house
Coc:7:    coc_old
Tar:1:    evilmike_ambush
Tar:4:    door_vault
Tar:5:    lemuel_nasty_pond, grunt_megastairs_3
Tar:7:    tar_minmay_river
Zot:1:    cheibrodos_zot_enchanting_chambers, hangedman_zot_decor_slant
Zot:3:    bh_zot_lava_cross, grunt_megastairs_4
Zot:5:    basic_stair_grate_trap
Abyss:3:  evilmike_abyss_exit_smiterflies
Pan:      evilmike_mini_pan_3x3, uniq_mennas_pan, gloorx_vloq_st,
          pan_blood_fountain_small, rand_demon_7, nicolae_pan_mnolegish_4,
          rand_demon_6, evilmike_mini_pan_thingy, nicolae_pan_sigil_obb,
          rand_demon_7, uniq_mennas_pan, special_room,
          regret_index_pan_draining_boxed, mnoleg_grunt, lom_lobon_grunt,
          nicolae_pan_gloorx_vloqian_2, evilmike_mini_pan_branches,
          pan_blood_fountain_small, pan_blood_fountain, cerebov,
          evilmike_mini_pan_thingy
Bazaar:   bazaar_lake
Sewer:    sewer_co_15_rooms
IceCv:    ice_cave_caverns_01
WizLab:   wizlab_iskenderun

Skill      XL: |  1  2  3  4  5  6  7  8  9 10 11 12 13 14 15 16 17 18 19 20 21 22 23 24 25 26 27 |
---------------+----------------------------------------------------------------------------------+-----
Shields        | 3 4 5 6 8 9 10 11 12 13 14 15 16 17 23 | 23.9
Fighting       | 3 4 5 6 7 9 10 11 12 13 14 15 16 17 19 20 25 | 25.0
Short Blades   | 2 3 4 5 6 7 8 9 10 11 12 13 14 15 16 17 25 | 25.6
Armour         | 3 4 5 6 7 8 9 10 11 12 13 14 15 16 17 | 17.8
Invocations    | 1 3 5 7 9 10 11 12 13 14 15 16 25 | 25.0
Dodging        | 6 11 12 14 | 14.4
Stealth        | 10 16 17 | 17.5

Action                   |  1- 3 |  4- 6 |  7- 9 | 10-12 | 13-15 | 16-18 | 19-21 | 22-24 | 25-27 || total
-------------------------+-------+-------+-------+-------+-------+-------+-------+-------+-------++-------
Melee: Rapier            |    92 |   142 |   505 |   729 |    31 |   924 |  1688 |  1731 |   374 ||  6216
       Bite              |    32 |    49 |   201 |   446 |  1152 |   783 |   810 |   944 |  4613 ||  9030
       Quick blade       |       |       |       |    61 |  2278 |   787 |     6 |       |  6440 ||  9572
Throw: Throwing net      |       |       |       |       |       |       |       |       |     1 ||     1
Invok: Divine Shield     |       |       |       |     7 |    18 |    21 |    22 |    14 |    11 ||    93
       Summon Divine War |       |       |       |       |       |     6 |    11 |    11 |     9 ||    37
       Brand Weapon With |       |       |       |       |       |       |       |     1 |       ||     1
       Cleansing Flame   |       |       |       |       |       |       |       |     4 |       ||     4
       Vitalisation      |       |       |       |       |       |       |       |       |    94 ||    94
       Imprison          |       |       |       |       |       |       |       |       |    62 ||    62
       Recite            |       |       |       |       |       |       |       |       |    61 ||    61
       Donate Gold       |       |       |       |       |       |       |       |       |     2 ||     2
Evoke: Wand              |       |       |     4 |     2 |     1 |     2 |       |       |    11 ||    20
       Box of beasts     |       |       |       |     2 |       |       |       |       |       ||     2
  Use: Scroll            |       |       |    11 |     7 |    12 |     9 |     6 |    18 |    31 ||    94
       Potion            |       |       |     1 |     2 |     1 |     1 |     2 |     4 |    14 ||    25
 Stab: Confused          |       |       |       |       |       |       |       |       |    51 ||    51
       Distracted        |       |       |       |       |       |       |       |       |     3 ||     3
       Paralysed         |       |       |       |       |       |       |       |       |     2 ||     2
  Eat: Chunk             |       |       |    11 |     9 |    22 |    21 |    18 |    19 |     8 ||   108
       Ration            |       |       |       |     1 |     1 |       |     2 |     1 |    20 ||    25
Armor: Scale mail        |    11 |       |       |       |       |       |       |       |       ||    11
       Chain mail        |    25 |    60 |   156 |   301 |   181 |       |       |       |       ||   723
       Plate armour      |       |       |    37 |       |   264 |   506 |   502 |    84 |       ||  1393
       Gold dragon scale |       |       |       |       |       |       |       |   349 |  1384 ||  1733
Dodge: Dodged            |    22 |    24 |    73 |    89 |   129 |   125 |   296 |   243 |  1256 ||  2257
Block: Shield            |    40 |    54 |   295 |   135 |       |       |       |       |       ||   524
       Large shield      |       |       |       |   442 |  1463 |  1258 |  1637 |  1508 |  4974 || 11282
       Buckler           |       |       |       |       |       |       |       |       |   254 ||   254
       Reflection        |       |       |       |       |       |       |       |       |    23 ||    23

Table legend:
 A = Spawn XP
 B = Non-spawn XP
 C = Spawn XP percentage of total XP
 D = Spawn monster count
 E = Non-spawn monster count
 F = Spawn count percentage of total count
 G = Total turns spent on level
                    A         B        C        D         E        F      G
               +---------+---------+-------+---------+---------+-------+---------
         Total |   51130 | 2809454 |   1.8 |      88 |    3677 |   2.3 | 51986
               +---------+---------+-------+---------+---------+-------+---------
           D:1 |       0 |      12 |   0.0 |       0 |       9 |   0.0 |   204
           D:2 |       0 |      29 |   0.0 |       0 |       8 |   0.0 |   177
           D:3 |       0 |      11 |   0.0 |       0 |       7 |   0.0 |   385
           D:4 |       0 |     569 |   0.0 |       0 |      27 |   0.0 |   661
           D:5 |       0 |     643 |   0.0 |       0 |      38 |   0.0 |   703
           D:6 |       0 |     473 |   0.0 |       0 |      28 |   0.0 |   531
           D:7 |       0 |     663 |   0.0 |       0 |      20 |   0.0 |   488
           D:8 |       0 |    1632 |   0.0 |       0 |      15 |   0.0 |   733
           D:9 |       0 |     607 |   0.0 |       0 |       8 |   0.0 |   235
          D:10 |       0 |    6939 |   0.0 |       0 |      42 |   0.0 |   783
          D:11 |       0 |    6632 |   0.0 |       0 |      28 |   0.0 |  1049
          D:12 |       0 |    8384 |   0.0 |       0 |      42 |   0.0 |   626
          D:13 |       0 |   12876 |   0.0 |       0 |      48 |   0.0 |   927
          D:14 |       0 |   23083 |   0.0 |       0 |      71 |   0.0 |   990
          D:15 |       0 |    9502 |   0.0 |       0 |      24 |   0.0 |   506
        Lair:1 |       0 |    3062 |   0.0 |       0 |      15 |   0.0 |   661
        Lair:2 |       0 |    4577 |   0.0 |       0 |      14 |   0.0 |   756
        Lair:3 |       0 |    5602 |   0.0 |       0 |      20 |   0.0 |   684
        Lair:4 |       0 |    7094 |   0.0 |       0 |      25 |   0.0 |  1046
        Lair:5 |       0 |   13459 |   0.0 |       0 |      35 |   0.0 |   867
        Lair:6 |       0 |   28093 |   0.0 |       0 |     129 |   0.0 |  1610
      Shoals:1 |       0 |   13466 |   0.0 |       0 |      29 |   0.0 |   561
      Shoals:2 |       0 |   13001 |   0.0 |       0 |      30 |   0.0 |   455
      Shoals:3 |       0 |   15986 |   0.0 |       0 |      40 |   0.0 |   484
      Shoals:4 |       0 |   38947 |   0.0 |       0 |      66 |   0.0 |   833
      Spider:1 |       0 |   22403 |   0.0 |       0 |      53 |   0.0 |   484
      Spider:2 |       0 |   14751 |   0.0 |       0 |      34 |   0.0 |   285
      Spider:3 |       0 |    4590 |   0.0 |       0 |      11 |   0.0 |   142
      Spider:4 |       0 |   35945 |   0.0 |       0 |      86 |   0.0 |   699
       Slime:1 |       0 |    1839 |   0.0 |       0 |       6 |   0.0 |    50
       Slime:2 |       0 |   11087 |   0.0 |       0 |      14 |   0.0 |    89
       Slime:3 |       0 |    3408 |   0.0 |       0 |       2 |   0.0 |    36
       Slime:4 |       0 |    2278 |   0.0 |       0 |       8 |   0.0 |   182
       Slime:5 |       0 |   39133 |   0.0 |       0 |      26 |   0.0 |   494
         Orc:1 |       0 |    4713 |   0.0 |       0 |      25 |   0.0 |   472
         Orc:2 |       0 |    9966 |   0.0 |       0 |      72 |   0.0 |   939
         Elf:1 |       0 |    3034 |   0.0 |       0 |       5 |   0.0 |   278
         Elf:2 |       0 |   45454 |   0.0 |       0 |      64 |   0.0 |   814
         Elf:3 |       0 |   64618 |   0.0 |       0 |      65 |   0.0 |  1210
      Vaults:1 |       0 |   61630 |   0.0 |       0 |      88 |   0.0 |  1066
      Vaults:2 |       0 |   53705 |   0.0 |       0 |      70 |   0.0 |   949
      Vaults:3 |       0 |   46543 |   0.0 |       0 |      72 |   0.0 |   746
      Vaults:4 |       0 |   56587 |   0.0 |       0 |      81 |   0.0 |  1028
      Vaults:5 |       0 |  159697 |   0.0 |       0 |     139 |   0.0 |  1314
       Crypt:1 |       0 |   24786 |   0.0 |       0 |      47 |   0.0 |   612
       Crypt:2 |       0 |   11162 |   0.0 |       0 |      19 |   0.0 |   191
       Crypt:3 |       0 |   25687 |   0.0 |       0 |      45 |   0.0 |   521
        Tomb:1 |       0 |  184371 |   0.0 |       0 |      78 |   0.0 |  1565
        Tomb:2 |       0 |    9053 |   0.0 |       0 |      14 |   0.0 |   168
        Tomb:3 |       0 |  127705 |   0.0 |       0 |     115 |   0.0 |   625
      Depths:1 |       0 |   74249 |   0.0 |       0 |     102 |   0.0 |  1769
      Depths:2 |       0 |   41314 |   0.0 |       0 |      43 |   0.0 |   898
      Depths:3 |       0 |   47066 |   0.0 |       0 |      52 |   0.0 |   910
      Depths:4 |       0 |   52448 |   0.0 |       0 |      53 |   0.0 |   867
      Depths:5 |       0 |   52869 |   0.0 |       0 |      43 |   0.0 |   612
          Hell |       0 |   35389 |   0.0 |       0 |      59 |   0.0 |   471
         Dis:1 |       0 |    3746 |   0.0 |       0 |       5 |   0.0 |    65
         Dis:2 |       0 |   10540 |   0.0 |       0 |      15 |   0.0 |   169
         Dis:3 |       0 |    2630 |   0.0 |       0 |      10 |   0.0 |    53
         Dis:5 |       0 |   33934 |   0.0 |       0 |      56 |   0.0 |   493
         Dis:6 |       0 |     346 |   0.0 |       0 |       1 |   0.0 |    40
         Dis:7 |       0 |  141405 |   0.0 |       0 |     120 |   0.0 |  1167
         Geh:1 |       0 |      62 |   0.0 |       0 |       1 |   0.0 |    14
         Geh:2 |       0 |    5021 |   0.0 |       0 |      18 |   0.0 |   124
         Geh:3 |       0 |   21718 |   0.0 |       0 |      35 |   0.0 |   162
         Geh:5 |       0 |   13256 |   0.0 |       0 |      27 |   0.0 |   121
         Geh:6 |       0 |   14415 |   0.0 |       0 |      26 |   0.0 |   111
         Geh:7 |       0 |   86825 |   0.0 |       0 |      80 |   0.0 |   801
         Coc:1 |       0 |    2010 |   0.0 |       0 |      14 |   0.0 |    49
         Coc:2 |       0 |    6608 |   0.0 |       0 |      16 |   0.0 |   137
         Coc:3 |       0 |   12923 |   0.0 |       0 |      28 |   0.0 |   255
         Coc:7 |       0 |   61474 |   0.0 |       0 |      72 |   0.0 |   718
         Tar:1 |       0 |   15106 |   0.0 |       0 |      34 |   0.0 |   109
         Tar:2 |       0 |   17479 |   0.0 |       0 |      18 |   0.0 |   108
         Tar:3 |       0 |   21725 |   0.0 |       0 |      14 |   0.0 |   105
         Tar:4 |       0 |    1419 |   0.0 |       0 |       6 |   0.0 |    24
         Tar:5 |       0 |     615 |   0.0 |       0 |       2 |   0.0 |    14
         Tar:6 |       0 |    9676 |   0.0 |       0 |      14 |   0.0 |   113
         Tar:7 |       0 |   89515 |   0.0 |       0 |      76 |   0.0 |   787
         Zot:1 |       0 |   24431 |   0.0 |       0 |      16 |   0.0 |   217
         Zot:2 |       0 |    2167 |   0.0 |       0 |       2 |   0.0 |   165
         Zot:3 |       0 |   39697 |   0.0 |       0 |      22 |   0.0 |   355
         Zot:4 |       0 |   12942 |   0.0 |       0 |       9 |   0.0 |   136
         Zot:5 |       0 |  183123 |   0.0 |       0 |      43 |   0.0 |   758
       Abyss:1 |    2006 |    4104 |  32.8 |       8 |      12 |  40.0 |   176
       Abyss:2 |     532 |       0 | 100.0 |       1 |       0 | 100.0 |    16
       Abyss:3 |   21537 |   34593 |  38.4 |      47 |      62 |  43.1 |   909
           Pan |   27055 |  319707 |   7.8 |      32 |     236 |  11.9 |  3699
         Sewer |       0 |     287 |   0.0 |       0 |      20 |   0.0 |   360
         IceCv |       0 |   13312 |   0.0 |       0 |      51 |   0.0 |   865
        WizLab |       0 |   23831 |   0.0 |       0 |      33 |   0.0 |   361
    Desolation |       0 |   35990 |   0.0 |       0 |      74 |   0.0 |   593
               +---------+---------+-------+---------+---------+-------+---------
